Cogmind - Beta 17 @@@ ROGUE MODE // 2026.07.07 @ 00:07:14 Player: Robbedoes2000 Result: Self-destructed Performance ------------- Evolutions (1) 500 Regions Visited (2) 400 Robots Destroyed (12) 60 Value Destroyed (379) 379 Prototype IDs (2) 40 Alien Tech Used (0) 0 Bonus (0) 0 TOTAL SCORE: 1379 Bonus ------- None Cogmind --------- Core Integrity 386/400 Matter 274/300 Energy 184/265 System Corruption 0% Temperature Cool (0) Movement Walking (120) Location -9/Materials Parts ------- > --- POWER (1) -------- Improved Ion Engine > --- PROPULSION (3) --- Aluminum Leg Aluminum Leg Aluminum Leg > --- UTILITY (3) ------ Small Storage Unit Signal Interpreter Backup Plating I > --- WEAPON (2) ------- EM Shotgun Light EM Pulse Cannon > --- INVENTORY (8) ---- Light Ion Engine Sensor Array Hacking Suite Hacking Suite Hacking Suite Hacking Suite Mining Laser Peak State ------------ > --- POWER ------------ Improved Ion Engine > --- PROPULSION ------- Aluminum Leg Aluminum Leg Aluminum Leg > --- UTILITY ---------- Small Storage Unit Signal Interpreter Backup Plating I > --- WEAPON ----------- EM Shotgun Light EM Pulse Cannon > --- INVENTORY -------- Light Ion Engine Sensor Array Hacking Suite Hacking Suite Hacking Suite Hacking Suite Mining Laser [Rating: 13] Favorites ----------- Power Light Ion Engine Engine Light Ion Engine Propulsion Aluminum Leg Leg Aluminum Leg Hover Unit Backup Propulsion I Utility Small Storage Unit Device Sensor Array Storage Small Storage Unit Processor Signal Interpreter Protection Backup Plating I Weapon EM Pulse Gun Energy Gun EM Pulse Gun Energy Cannon Light EM Pulse Cannon Ballistic Gun Light Assault Rifle Special Weapon Mining Laser Build | -11 -10 -9 ------- Run | Yrd Mat Mat Slots Evolved 2 | . . 2 Power . | . . . Propulsion 1 | . . 1 Utility 1 | . . 1 Weapon . | . . . Parts Attached 23 | 7 4 12 Power 4 | 1 . 3 Engine 4 | 1 . 3 Core . | . . . Reactor . | . . . Propulsion 4 | 2 . 2 Treads . | . . . Leg 3 | 2 . 1 Wheel . | . . . Hover 1 | . . 1 Flight . | . . . Utility 7 | 2 1 4 Device 2 | 1 1 . Storage 1 | 1 . . Processor 1 | . . 1 Hackware . | . . . Protection 3 | . . 3 Artifact . | . . . Weapon 8 | 2 3 3 Energy Gun 4 | . 2 2 Energy Cannon 1 | . . 1 Ballistic Gun 2 | 2 . . Ballistic Cannon . | . . . Launcher . | . . . Special Weapon 1 | . 1 . Impact Weapon . | . . . Slashing Weapon . | . . . Piercing Weapon . | . . . Special Melee Weapon . | . . . Unidentified Prototypes . | . . . Parts Lost . | . . . Power . | . . . Propulsion . | . . . Utility . | . . . Weapon . | . . . Highest Loss Streak . | . . . To Critical Strikes . | . . . Average Backups 7 | 3 7 7 Power 1 | 1 2 1 Propulsion . | 1 2 . Utility 2 | . 1 4 Weapon 2 | 1 2 1 Tool/Special . | . . . Unused Backups 10 | . 2 8 Power 1 | . . 1 Propulsion 2 | . 1 1 Utility 4 | . . 4 Weapon 3 | . 1 2 Tool/Special . | . . . Average Slot Usage (%) 98 | . 97 98 Engine 11 | . 13 11 Leg 31 | . 28 33 Device 10 | . 14 8 Storage 12 | . 14 11 Processor 7 | . . 10 Protection 1 | . . 2 Energy Gun 10 | . 21 5 Energy Cannon 5 | . . 8 Special Weapon 5 | . 2 7 Peak Build Rating 13 | 9 9 13 Average Rating 9 | 4 7 10 On Entrance 5 | . 9 8 Avg Prop Armor Cover (%) 15 | . . 15 Naked Turns . | . . . Heaviest Build 20 | 14 15 20 Greatest Support 30 | 20 20 30 Greatest Overweight (x) 3 | 3 . 2 Average Overweight (x) . | . . . Largest Inventory Capacity 8 | 8 8 8 Average Capacity 7 | 7 8 8 Most Carried 8 | 6 8 8 Average Carried 7 | 3 7 7 Final Capacity 8 | 8 8 8 Final Carried 8 | 6 8 7 Class Distribution -------------------- 100% | Mutant Dominant Class ---------------- Mutant | -10/Materials Mutant | -9/Materials Resources | -11 -10 -9 ----------- Run | Yrd Mat Mat Matter Collected 494 | 209 111 174 Remotely . | . . . Salvage Created 489 | 11 141 337 Parts 32 | 3 9 20 Haulers Intercepted 1 | . . 1 Recyclers Shooed . | . . . Parts Field Recycled . | . . . Retrieved Matter . | . . . Parts Self-Destructed . | . . . Prevented . | . . . Parts Restored . | . . . Kills | -11 -10 -9 ------- Run | Yrd Mat Mat Combat Hostiles Destroyed 10 | . 3 7 Guns 6 | . 3 3 Cannons 1 | . . 1 AOE 2 | . . 2 Classes Destroyed 6 | 1 1 4 Tunneler 1 | 1 . . Hauler 1 | . . 1 Swarmer 2 | . . 2 Grunt 5 | . 3 2 Duelist 1 | . . 1 Sentry 2 | . . 2 Best Kill Streak 6 | 1 2 6 Combat Bots Only 5 | . 2 5 Max Kills in Single Turn 2 | 1 1 2 Gunslinging . | . . . Exploded 2 | . . 2 Melee . | . . . Uniques/NPCs Destroyed . | . . . Combat | -11 -10 -9 -------- Run | Yrd Mat Mat Hostile Shots Fired 28 | . 6 22 Missed 12 | . 2 10 Hits 16 | . 4 12 Projectile 16 | . 4 12 Critical Strikes 1 | . . 1 Damage Taken 251 | . 46 205 Core 14 | . . 14 Absorbed by Shields . | . . . Core Remaining (%) 100 | 100 100 . Volleys Fired 39 | 5 10 24 Largest 2 | 2 2 2 Hottest 101 | 40 100 101 Shots Fired 53 | 10 15 28 Gun 37 | 10 10 17 Cannon 5 | . . 5 Launcher . | . . . Special 11 | . 5 6 Kinetic 10 | 10 . . Thermal 11 | . 5 6 Explosive . | . . . Electromagnetic 32 | . 10 22 Robot Hit Streak 14 | 3 10 14 Robot Miss Streak 3 | 3 . 2 Penetration Max . | . . . Secondary Targets . | . . . Shots Hit Robots 35 | 5 9 21 Core Hits 21 | 2 7 12 Critical Kills . | . . . Critical Parts Destroyed . | . . . Critical Strikes . | . . . Melee Attacks . | . . . Impact . | . . . Slashing . | . . . Piercing . | . . . Sneak Attacks . | . . . Combat Hostiles . | . . . Follow-up Attacks . | . . . Damage Inflicted 571 | 49 125 397 Guns 362 | 49 125 188 Cannons 98 | . . 98 Explosions 111 | . . 111 Melee . | . . . Ramming . | . . . Kinetic 49 | 49 . . Thermal 111 | . . 111 Explosive . | . . . Electromagnetic 411 | . 125 286 Impact . | . . . Slashing . | . . . Piercing . | . . . Highest Corruption . | . . . Average Corruption . | . . . Corruption Purged . | . . . Corruption Blocked . | . . . Overload Shots . | . . . Overflow Damage 18 | . . 18 Projectiles . | . . . Explosions 18 | . . 18 Melee . | . . . Knockbacks . | . . . Impact . | . . . Kinetic . | . . . Secondary . | . . . Self-Inflicted Damage 68 | . . 68 Shots 2 | . . 2 Rammed . | . . . Targets Rammed . | . . . Kicked . | . . . Crushed . | . . . Highest Temperature 98 | . 84 98 Average Temperature 35 | . 31 37 Received Heat Transfer 72 | . 24 48 Siege Activations . | . . . Martial Activations . | . . . Shielding Activations . | . . . Robots Disrupted . | . . . Combat Hostiles . | . . . Robots Corrupted 1 | . . 1 Combat Hostiles 1 | . . 1 Parts Fried 1 | . . 1 Impact Corruptions . | . . . Robots Melted . | . . . Combat Hostiles . | . . . Parts Melted . | . . . Heat Transferred 150 | . . 150 Parts Sabotaged . | . . . Parts Stolen . | . . . Parts Stripped . | . . . Power Chain Reactions 2 | . . 2 Alert | -11 -10 -9 ------- Run | Yrd Mat Mat Maximum Alert Level . | . . . Low Security (%) 100 | 100 100 100 Level 1 . | . . . Level 2 . | . . . Level 3 . | . . . Level 4 . | . . . Level 5 . | . . . High Security . | . . . Max Security . | . . . Peak Influence 165 | 5 70 165 Initial 15 | . . 15 Average 21 | . 25 25 Influence Increases 376 | 5 98 273 Destroy 0b10 Robot/C 200 | . 60 140 Destroy 0b10 Robot/NC 10 | 5 . 5 Destroy Leader 62 | . 20 42 Successful Hack 44 | . . 44 Disable Machine 45 | . 15 30 Destroy Structure 15 | . 3 12 Influence Decreases 219 | 5 60 154 Entered New Map 23 | . . 23 Time Decay 196 | 5 60 131 Squads Dispatched 1 | . 1 . Investigation . | . . . Extermination . | . . . Reinforcement 1 | . 1 . Assault . | . . . Garrison . | . . . Intercept . | . . . Searches Triggered . | . . . Construction Impeded . | . . . Haulers Reinforced . | . . . Active Scanning Responses . | . . . Cargo Convoy Interrupts . | . . . Stealth | -11 -10 -9 --------- Run | Yrd Mat Mat Distress Signals 3 | . 1 2 Communications Jammed . | . . . Distress Signals . | . . . Times Spotted 15 | . 4 11 Peak Tracking Total 6 | . 3 6 Tactical Retreats . | . . . Traps | -11 -10 -9 ------- Run | Yrd Mat Mat Traps Triggered 1 | . 1 . Indirectly . | . . . Trap Hack Attempts . | . . . Triggered . | . . . Disarmed . | . . . Reprogrammed . | . . . Reused . | . . . Traps Extracted . | . . . Installed . | . . . Triggered . | . . . Machines | -11 -10 -9 ---------- Run | Yrd Mat Mat Machines Disabled 3 | . 1 2 Max in Single Turn 1 | . 1 1 Machines Repaired . | . . . Machines Dismantled . | . . . Machines Sabotaged . | . . . Overloaded Fab Kills . | . . . Hacking | -11 -10 -9 --------- Run | Yrd Mat Mat Machines Accessed 4 | . 1 3 Terminals 4 | . 1 3 Fabricators . | . . . Repair Stations . | . . . Recycling Units . | . . . Scanalyzers . | . . . Garrison Access . | . . . Total Hacks 11 | . 2 9 Successful 6 | . . 6 Failed 5 | . 2 3 Catastrophic . | . . . Database Lockouts . | . . . Manual . | . . . Terminals 11 | . 2 9 Fabricators . | . . . Repair Stations . | . . . Recycling Units . | . . . Scanalyzers . | . . . Garrison Access . | . . . Terminal Hacks 6 | . . 6 Prototype ID Bank 1 | . . 1 Terminal Index 1 | . . 1 Recycling Unit Index 1 | . . 1 Hauler Manifests 1 | . . 1 Registered Prototypes 1 | . . 1 Zone Layout 1 | . . 1 Fabricator Hacks . | . . . Repair Station Hacks . | . . . Recycling Unit Hacks . | . . . Scanalyzer . | . . . Garrison Access Hacks . | . . . Unauthorized Hacks . | . . . Terminals . | . . . Fabricators . | . . . Repair Stations . | . . . Recycling Units . | . . . Scanalyzers . | . . . Garrison Access . | . . . Data Cores Recovered . | . . . Used . | . . . Hacking Detections 4 | . 1 3 Full Trace Events . | . . . Feedback Events . | . . . Feedback Blocked . | . . . Robot Schematics Acquired . | . . . Robots Built . | . . . Authchips . | . . . Time . | . . . Total Robot Build Rating . | . . . Part Schematics Acquired . | . . . Parts Built . | . . . Authchips . | . . . Time . | . . . Total Part Build Rating . | . . . Part Studies Acquired . | . . . Parts Repaired . | . . . Time . | . . . Parts Recycled . | . . . Recycled Matter . | . . . Retrieved Matter . | . . . Retrieved Components . | . . . Parts Scanalyzed . | . . . Part Schematics Acquired . | . . . Parts Damaged . | . . . Bothacking | -11 -10 -9 ------------ Run | Yrd Mat Mat Used RIF Installer . | . . . Robots Hacked . | . . . Non-combat . | . . . Combat . | . . . Robot Hacks Applied . | . . . Relay Couplers Released . | . . . Fabnet Peak Effective % . | . . . Robots Rewired . | . . . Allies Hacked . | . . . Hacks Repelled . | . . . Allies | -11 -10 -9 -------- Run | Yrd Mat Mat Total Allies . | . . . Largest Group . | . . . Highest-Rated Group . | . . . Highest-Rated Ally . | . . . Total Orders . | . . . Ally Attacks . | . . . Total Damage . | . . . Kills . | . . . Allies Corrupted . | . . . Allies Melted . | . . . Intel | -11 -10 -9 ------- Run | Yrd Mat Mat Active Infowar (turns) 606 | 18 235 353 Sensors 566 | . 213 353 Terrain 40 | 18 22 . Robot Analysis Total . | . . . Derelict Logs Recovered . | . . . Drone Launches . | . . . Drone Recoveries . | . . . Exploration | -11 -10 -9 ------------- Run | Yrd Mat Mat Turns Passed 832 | 133 235 464 Spaces Moved 438 | 68 128 242 Core 18 | 18 . . Treads . | . . . Legs 419 | 50 128 241 Wheels . | . . . Hover 1 | . . 1 Flight . | . . . Fastest Speed 50 | 50 120 120 Average Speed 122 | 132 120 120 Slowest Speed 260 | 200 120 260 Overloaded Moves . | . . . Propulsion Burnouts . | . . . Robots Hopped . | . . . Potential Cave-ins . | . . . Cave-ins Triggered . | . . . Exploration Rate (%) 17 | 4 29 20 Regions Visited 2 Branch Regions . Pre-discovered Areas . | . . . Known Exits Taken . | . . . Unknown Exits Taken 2 | 1 1 . Scrap Searched . | . . . Spaces Dug 8 | . 3 5 Terrain Destroyed 14 | . 3 11 Melee . | . . . Projectile 8 | . 3 5 AOE 6 | . . 6 Terrain Rammed . | . . . Walls Destroyed . | . . . Machines Disabled . | . . . Actions | -11 -10 -9 --------- Run | Yrd Mat Mat Total 661 | 99 184 378 Wait 112 | 12 28 72 Move 436 | 67 127 242 Hop . | . . . Pick Up 19 | 8 5 6 Fast Attach 19 | 5 6 8 Attach 6 | 2 . 4 Detach 4 | . 1 3 Swap 5 | . 1 4 Drop 21 | . 6 15 Fire 39 | 5 10 24 Melee . | . . . Ram . | . . . Kick . | . . . Crush . | . . . Escape Stasis . | . . . Rewire . | . . . Trap . | . . . Miscellaneous . | . . . Route ------- -11/Scrapyard -10/Materials -9/Materials History --------- Turn | Location | Event 2 | -11/Scrapyard | Met Revision 17 27 | -11/Scrapyard | Discovered new exit (range 16) 134 | -11/Scrapyard | Entered Materials 308 | -10/Materials | Build established: Mutant 327 | -10/Materials | Discovered new exit (range 11) 369 | -10/Materials | Entered another Materials area 369 | -9/Materials | Evolved 2 slots: Propulsion x1, Utility x1 833 | -9/Materials | Self-destructed Last Messages --------------- 00804_ K-01 Serf cleans the Atomic Centrifuge. 00804_ Acquired Backup Propulsion I. 00806_ K-01 Serf collects debris. 00808_ Dropped Backup Propulsion I. 00809_ Acquired Aluminum Leg. 00813_ Dropped Lgt. Ion Engine. 00819_ Acquired 54 matter. 00819_ U-05 Engineer lays Concrete. 00819_ W-16 Scout sends out distress signal. 00820_ U-05 Engineer lays Concrete. 00824_ Chain reaction triggered in Lgt. Ion Engine. 00824_ S-10 Pest destroyed. 00824_ K-01 Serf collects debris. 00825_ U-05 Engineer lays Concrete. 00825_ K-01 Serf collects debris. 00826_ U-05 Engineer lays Concrete. 00827_ K-01 Serf collects debris. 00828_ U-05 Engineer lays Concrete. 00829_ K-01 Serf collects debris. 00830_ U-05 Engineer lays Concrete. Map ----- +----------------------------------------------------+ | | | | | | | | | | | | | | | | | | | | | | | | | ???????????????????????????????##############????? | | ???????????????????????????????# """ """ #????? | | ???????????????????????????????# """"""""" #????? | | ??????????????????????????????## """"" " ###### | | ??????????????????????????????## ## | | ??????????????????????????????## [ ## | | ???????????????????????????????#+#####+####+## | | ???????????????????????????????# #??# # | | ????????????????????##########?# #### # | | ????????????????????# #?# + | | ????????????????????# """ ### ##### | | ???????????????????## !*""" # #?# | | + ################;!*=""" # ### ! | | # g g w kk;ksk @! + | | # a ##%% *=[[ # ### | | # ###[ !!=* ]# ##+########## | | ??##############+##?# "* u= ## #????????###### | | ????????????????????# [[%=* ## #????????# | | ????????????????????########### #????????# " | | ????????????????????? # #????????# """ | | ????????????????????# # #????????# "" | | ????????????????????# # ????????# """ | | ????????????????????# + ???????+ "" | | ????????????????????# """ """ # ^!! ??????# """ | | ????????????????????# """ """ # ! ??????# """ | | ????????????????????# """ """ # ?????# """ | | ????????????????????# ??# ? ???????# " | | ????????????????????##???##????? ???????????# | | ????????????????????????????????????????????###### | | ?????????????????????????????????????????????????? | | ?????????????????????????????????????????????????? | | ?????????????????????????????????????????????????? | | ?????????????????????????????????????????????????? | | ?????????????????????????????????????????????????? | | ?????????????????????????????????????????????????? | | ?????????????????????????????????????????????????? | | ?????????????????????????????????????????????????? | | ?????????????????????????????????????????????????? | +----------------------------------------------------+ Best States ------------- Heat Dissipation 28 Energy Generation 12 Energy Capacity 265 Matter Stores 300 Matter Capacity 300 Sight Range 16 Robot Scan Range 14 Terrain Scan Range 16 Terrain Scan Density 10 Armor Coverage 150 Evasion (%) 55 Item Schematics ----------------- None Robot Schematics ------------------ None Fabricated ------------ Nothing Repaired ---------- Nothing Studied --------- None Alien Tech Used ----------------- None Achievements -------------- You Again Challenges ------------ None Game ------ Seed BottomlessSchematicPlating Manual? 0 Play Time 00:16:01 Cumulative 6.8 hours Start 2026.07.06 @ 23:48:33 End 2026.07.07 @ 00:07:14 Sessions 1 Manual Loads 0 Difficulty Rogue Special Mode None Game No. 12 Rogue 12 Adventurer 0 Explorer 0 Win Type - Total 0 Types 0/0/0/0/0/0/0/0/0/0 Lore% 18 Gallery% 21 Achievement% 18 Wizard Run 0 Options --------- Layout 0 ASCII 0 Keyboard 0 Movement Mouse Keybinds 0 Fullscreen 2 Font 24/Smallcaps Map View 76x50 Zoom Use 0% Tactical HUD 1 Map Filters NONE Filters NONE Steam 1 RUN: 7ab3f593-4856-4747-b082-66dc497dca47